AoeStats
← Marin.

Arabia

503437859Analyzed
1v1 RM · 1mo ago on Aug 31, 2026· 51m 39s· 2 players
Game mode
Random Map
Map size
Tiny (2 player)
Population
200
Speed
Normal
Resources
Standard
Victory
Conquest
Starting age
Dark Age
Ending age
Imperial Age
RankedLock teamsTeams togetherTeam positionsShared explorationLock speedFull tech treeHidden civsTurbo modeCheats
Victory
Defeat
🇦🇷 Mapuche · Argentina
1031
+17
🇪🇸 Saracens · Spain
1054
-17
chary_p
7:25 Loom
11:36 Feudal Age
12:14 Loom
12:35 Double-Bit Axe
15:07 Champi Runner
15:57 Scale Mail Armor
16:17 Forging
17:26 Fletching
24:32 Castle Age
22:20 Horse Collar
22:33 Gold Mining
23:16 Padded Archer Armor
25:38 Champi Warrior
30:23 Wheelbarrow
30:03 Bow Saw
29:58 Heavy Plow
30:16 Pikeman
31:25 Bodkin Arrow
37:21 Imperial Age
36:45 Town Watch
37:16 Hand Cart
38:25 Conscription
41:27 Ballistics
42:07 Chemistry
41:48 Iron Casting
41:28 Leather Archer Armor
41:29 Chain Mail Armor
40:59 Halberdier
41:03 Elite Skirmisher
43:34 Elite Bolas Rider
46:39 Malon
Marin.
5:32 Loom
10:26 Feudal Age
12:12 Double-Bit Axe
13:28 Fletching
24:10 Castle Age
23:13 Forging
22:50 Horse Collar
23:31 Town Watch
26:02 Bloodlines
25:53 Husbandry
25:53 Bodkin Arrow
25:21 Crossbowman
26:06 Thumb Ring
27:33 Heavy Plow
28:49 Ballistics
37:44 Imperial Age
36:17 Bimaristan
39:31 Chemistry
39:10 Conscription
39:34 Murder Holes
41:54 Bow Saw
41:15 Light Cavalry
42:34 Hussar
46:19 Counterweights
Connection lost

Rejoining the realm…

Still unreachable

The connection could not be restored.

Session expired

The server has moved on; the page needs a fresh start.